 Dungeon Crawl Stone Soup version 0.28-a0-422-gd71735cc25 (webtiles) character file.

Game seed: 11753920003636537891

7664 heikuro the Blocker (level 11, 0/87 HPs)
             Began as a Formicid Fighter on Sept 9, 2021.
             Was an Elder of Qazlal.
             Slain by a boulder beetle (18 damage)
             ... on level 11 of the Dungeon.
             The game lasted 00:23:37 (11359 turns).

heikuro the Blocker (Formicid Fighter)             Turns: 11359, Time: 00:23:38

Health: 0/87       AC: 17    Str: 24    XL:     11   Next: 41%
Magic:  14/14      EV:  7    Int:  8    God:    Qazlal [****..]
Gold:   416        SH: 17    Dex: 10    Spells: 10/10 levels left

rFire   . . .      SeeInvis +   b - +0 short sword (venom)
rCold   . . .      Faith    .   c - +1 buckler
rNeg    . . .      Spirit   .   r - +0 plate armour
rPois   .          Reflect  +   (helmet unavailable)
rElec   .          Harm     .   (no cloak)
rCorr   .          Rampage  .   i - +2 pair of gloves
Will    +....                   (no boots)
Stlth   ..........              g - amulet of reflection
HPRegen 0.24/turn               (no ring)
MPRegen 0.14/turn               (no ring)

@: repel missiles
A: permanent stasis, dig shafts and tunnels, antennae 3, four strong arms
a: Dig, Shaft Self, Renounce Religion, Upheaval, Elemental Force


You were on level 11 of the Dungeon.
You worshipped Qazlal.
Qazlal was greatly pleased with you.
You visited 2 branches of the dungeon, and saw 12 of its levels.
You visited the Abyss 1 time.
You also visited: Sewer.

You collected 634 gold pieces.
You spent 218 gold pieces at shops.

Inventory:

Hand Weapons
 a - a +0 long sword
 b - a +0 short sword of venom (weapon)
 v - a +0 vampiric hand axe
 M - a +2 battleaxe of flaming
Missiles
 e - 39 poisoned darts (quivered)
Armour
 c - a +1 buckler (worn)
 i - a +2 pair of gloves (worn)
 r - a +0 plate armour (worn)
Jewellery
 g - an amulet of reflection (around neck)
 k - a ring of poison resistance
 t - a ring of protection from fire
 J - an amulet of regeneration
Wands
 u - a wand of flame (15)
 z - a wand of digging (5)
 G - a wand of iceblast (12)
 K - a wand of polymorph (13)
 L - a wand of mindburst (11)
Scrolls
 h - a scroll of noise {unknown}
 o - a scroll of fog {unknown}
 w - 3 scrolls of fear
 x - 2 scrolls of magic mapping {unknown}
 y - a scroll of vulnerability {unknown}
 A - a scroll of amnesia {unknown}
 C - a scroll of torment {unknown}
 F - a scroll of holy word {unknown}
 I - 2 scrolls of identify
Potions
 d - 2 potions of might
 f - a potion of haste {unknown}
 j - 4 potions of flight
 l - 3 potions of attraction
 m - 4 potions of heal wounds
 n - 7 potions of curing {unknown}
 p - 3 potions of lignification {unknown}
 q - 2 potions of berserk rage {unknown}
 s - 3 potions of magic {unknown}
 B - a potion of resistance {unknown}
 D - a potion of brilliance {unknown}
 E - a potion of mutation {unknown}
 H - a potion of ambrosia {unknown}
 N - a potion of invisibility {unknown}


   Skills:
 + Level 8.7 Fighting
 - Level 7.1 Long Blades
 * Level 7.9 Axes
 + Level 8.8 Armour
 + Level 9.6 Shields
 + Level 4.4 Invocations


You had 10 spell levels left.
You didn't know any spells.
Your spell library contained the following spells:

 Spells                   Type           Power      Damage    Failure   Level
 Sandblast                Erth           0%         2d4       99%         1
 Ensorcelled Hibernation  Hex/Ice        0%         N/A       100%        2
 Passwall                 Tmut/Erth      0%         N/A       100%        2
 Static Discharge         Conj/Air       0%         N/A       100%        2
 Dazzling Flash           Conj/Hex       0%         N/A       100%        3
 Stone Arrow              Conj/Erth      0%         3d7       100%        3
 Tukima's Dance           Hex            0%         N/A       100%        3
 Animate Armour           Summ/Erth      0%         N/A       100%        4
 Dispel Undead            Necr           0%         3d6       100%        4
 Passage of Golubria      Tloc           N/A        N/A       100%        4
 Sticky Flame             Conj/Fire      0%         2d3       100%        4
 Agony                    Necr           0%         N/A       100%        5
 Blade Hands              Tmut           0%         N/A       100%        5
 Irradiate                Conj/Tmut      0%         3d13      100%        5
 Silence                  Hex/Air        0%         N/A       100%        5
 Yara's Violent Unravell  Hex/Tmut       0%         3d3       100%        5
 Dragon Form              Tmut           0%         N/A       100%        7
 Lehudib's Crystal Spear  Conj/Erth      0%         10d2      100%        8


Dungeon Overview and Level Annotations

Branches:
Dungeon (11/15)            Temple (1/1) D:7            Lair (0/6) D:10
    Orc (0/2) D:9           Sewer (visited)

Altars:
Ashenzari
Cheibriados
Dithmenos
Elyvilon
Fedhas
Gozag
Hepliaklqana
Kikubaaqudgha
Makhleb
Nemelex Xobeh
Okawaru
Qazlal
Ru
Sif Muna
Trog
Uskayaw
Vehumet
Wu Jian
Xom
Yredelemnul
Zin
The Shining One

Shops:
D:5 =   D:6 **   D:7 !

Annotations:
D:7 1 runed translucent door


Innate Abilities, Weirdness & Mutations

You cannot be hasted, slowed, berserked, paralysed or teleported.
You can dig through walls and to a lower floor.
You have a pair of large antennae on your head. (SInv)
Your four strong arms can wield two-handed weapons with a shield.


Message History

You block the boulder beetle's attack.
You slice the centaur warrior zombie!! You burn the centaur warrior zombie!
The centaur warrior zombie is severely damaged.
You hit the boulder beetle but do no damage.
The centaur warrior zombie hits you but does no damage.
The centaur warrior zombie kicks you but does no damage.
You block the centaur warrior zombie's attack.
The centaur warrior zombie completely misses you.
The boulder beetle leaps!
You slash the centaur warrior zombie! You burn the centaur warrior zombie.
The centaur warrior zombie is almost destroyed.
The centaur warrior zombie is engulfed in blazing flames.
The centaur warrior zombie hits you but does no damage.
You block the centaur warrior zombie's attack.
The centaur warrior zombie is engulfed in blazing flames.
The centaur warrior zombie hits you but does no damage.
You block the centaur warrior zombie's attack.
You hit the centaur warrior zombie. You burn the centaur warrior zombie.
You destroy the centaur warrior zombie!
Qazlal accepts your kill.
The boulder beetle curls into a ball and begins rolling!
Unknown command.
You see here 15 gold pieces.
You hit the boulder beetle but do no damage.
The boulder beetle is lightly wounded.
You block the boulder beetle's attack.
The boulder beetle stops rolling and uncurls.
The boulder beetle bites you!
* * * LOW HITPOINT WARNING * * *
Unknown command.
Your +2 battleaxe of flaming stops flaming.
Your +0 short sword of venom begins to drip with poison!
b - a +0 short sword of venom (weapon)
You hit the boulder beetle but do no damage.
The boulder beetle is lightly wounded.
The boulder beetle bites you but does no damage.
You hit the boulder beetle.
The boulder beetle is poisoned.
The boulder beetle is lightly wounded.
The boulder beetle bites you!!
You die...

#.....#>....+.............#
#.....#.....#.............#
#.....#.....#.............#
####.....#..######'######+##.#
##......###..#$............. #
.#......# ...#..............
.#......#....#○.○°..........
.#......# #.○°...........
.#......# +.☼@B..........
.'......# #.....°........
.#......# #..............
.#......# #..............
##......# #..............
........# ##......#####..
........# #......# ..
........# #......# ........#


You could see a boulder beetle (very poisoned).

Vanquished Creatures
  Erica (D:8)
  Pikel (D:7)
  A cyclops (D:11)
  A guardian serpent (shapeshifter) (D:10)
  An unseen horror (D:11)
  2 trolls (D:10)
  2 wyverns
  A shadow (D:10)
  5 yaks (D:10)
  2 steam dragons
  A spatial vortex (D:6)
  A water moccasin (D:7)
  6 orc warriors
  A sky beast (D:7)
  A black bear (D:4)
  4 centaurs
  2 ogres
  A kobold brigand (Sewer)
  4 bullfrogs
  A gnoll sergeant (D:8)
  3 scorpions
  A wyvern zombie (D:8)
  4 killer bees (D:9)
  A wight (D:7)
  3 electric eels (D:10)
  4 crimson imps (D:6)
  2 centaur zombies
  A jelly (D:5)
  11 hounds
  4 orc priests
  A gnoll shaman (D:7)
  3 bullfrog skeletons
  A centaur skeleton (D:4)
  A scorpion zombie (D:5)
  An iguana (D:4)
  6 orc wizards
  A hound skeleton (D:4)
  Robin (D:4)
  10 gnolls
  A howler monkey skeleton (D:6)
  3 river rats (D:5)
  9 adders
  2 ufetubi
  An adder skeleton (D:5)
  2 worms (D:2)
  3 dart slugs
  16 orcs
  4 bats
  4 endoplasms
  4 giant cockroaches
  13 goblins
  9 hobgoblins
  8 jackals
  10 kobolds
  4 quokkas
  A ball python (D:1)
  3 frilled lizards
  A quokka skeleton (D:4)
  11 rats
207 creatures vanquished.

Vanquished Creatures (others)
  A plant (D:7)
1 creature vanquished.

Grand Total: 208 creatures vanquished

Notes
Turn   | Place    | Note
-------+----------+-------------------------------------------
     0 | D:1      | heikuro the Formicid Fighter began the quest for the Orb.
     0 | D:1      | Reached XP level 1. HP: 18/18 MP: 1/1
   141 | D:1      | Reached XP level 2. HP: 21/24 MP: 2/2
   756 | D:2      | Found a faded altar of an unknown god.
   768 | D:1      | Reached XP level 3. HP: 21/29 MP: 3/3
   972 | D:2      | Reached skill level 4 in Shields
  1208 | D:2      | Reached XP level 4. HP: 32/37 MP: 4/4
  1522 | D:2      | Found a stormy altar of Qazlal.
  1531 | D:2      | Became a worshipper of Qazlal Stormbringer
  2034 | D:3      | Reached XP level 5. HP: 42/42 MP: 5/5
  2532 | D:4      | Reached XP level 6. HP: 44/48 MP: 6/6
  2559 | D:4      | Reached * piety under Qazlal
  2605 | D:4      | Noticed Robin
  2617 | D:4      | Killed Robin
  2675 | D:4      | Reached skill level 5 in Shields
  2831 | D:4      | Reached XP level 7. HP: 55/55 MP: 7/7
  2874 | D:4      | Found a shadowy altar of Dithmenos.
  2982 | D:4      | Reached skill level 5 in Long Blades
  3251 | D:5      | Entered Level 5 of the Dungeon
  3275 | D:5      | Reached skill level 5 in Fighting
  3275 | D:5      | Reached skill level 5 in Armour
  3287 | D:5      | Found a shimmering blue altar of Sif Muna.
  3311 | D:5      | Found a snail-covered altar of Cheibriados.
  3397 | D:5      | Found a glowing golden altar of the Shining One.
  3445 | D:5      | Found Piczet's Jewellery Boutique.
  3538 | D:5      | Found a glowing drain.
  3560 | D:5      | Reached XP level 8. HP: 38/62 MP: 8/8
  3563 | Sewer    | Entered a sewer
  3569 | Sewer    | Reached ** piety under Qazlal
  3762 | Sewer    | Found a white marble altar of Elyvilon.
  4206 | D:6      | Found Fymyusirph's Assorted Antiques.
  4260 | D:6      | Reached skill level 6 in Shields
  4679 | D:6      | Found a stormy altar of Qazlal.
  5065 | D:6      | Found Igyurch's General Store.
  5127 | D:6      | Found a shimmering altar of Xom.
  5136 | D:6      | Cast into level 1 of the Abyss (crimson imp)
  5146 | Abyss:1  | Noticed a daeva
  5173 | D:6      | Escaped the Abyss
  5175 | D:6      | HP: 2/64 [spatial vortex (4)]
  5200 | D:6      | Reached XP level 9. HP: 18/69 MP: 9/9
  5731 | D:6      | Found a basalt altar of Yredelemnul.
  5769 | D:6      | Found an iron altar of Okawaru.
  5943 | D:7      | Reached skill level 1 in Axes
  5943 | D:7      | Reached skill level 7 in Shields
  6150 | D:7      | Reached *** piety under Qazlal
  6521 | D:7      | Found a staircase to the Ecumenical Temple.
  6527 | Temple   | Entered the Ecumenical Temple
  6753 | D:7      | Found a runed translucent door.
  6753 | D:7      | Noticed a sixfirhy
  6772 | D:7      | Noticed Pikel
  6797 | D:7      | Killed Pikel
  6798 | D:7      | Reached XP level 10. HP: 48/79 MP: 10/10
  6938 | D:7      | Found a white marble altar of Elyvilon.
  6990 | D:7      | Reached skill level 8 in Shields
  7101 | D:7      | Found Saoff's Distillery.
  7619 | D:8      | Reached skill level 5 in Axes
  7868 | D:8      | Noticed Erica
  7891 | D:8      | Killed Erica
  7892 | D:8      | Reached skill level 1 in Invocations
  9284 | D:9      | Found a blossoming altar of Fedhas.
  9346 | D:9      | Found a broken altar of Ashenzari.
  9578 | D:9      | Found a staircase to the Orcish Mines.
  9702 | D:10     | Entered Level 10 of the Dungeon
  9972 | D:10     | Noticed a guardian serpent
  9972 | D:10     | a raiju changed into a guardian serpent
  9983 | D:10     | Killed a guardian serpent
 10147 | D:10     | Reached skill level 9 in Shields
 10163 | D:10     | Reached XP level 11. HP: 85/86 MP: 13/13
 10287 | D:6      | Bought a glowing battleaxe for 218 gold pieces
 10450 | D:10     | Reached **** piety under Qazlal
 10891 | D:10     | Found an ancient bone altar of Kikubaaqudgha.
 10953 | D:10     | Found a staircase to the Lair.
 11196 | D:11     | Noticed a cyclops
 11203 | D:11     | Killed a cyclops
 11335 | D:11     | Noticed a boulder beetle
 11359 | D:11     | Slain by a boulder beetle

Illustrated notes

Levels and vault maps discovered:
D:1:      zaba_arrival_water, layout_basic
D:2:      layout_rooms, basic_altar, hellmonk_ecumenical_altar_arch_garden
D:3:      layout_rooms, nrook_campfire, grunt_ministairs_6,
          kennysheep_generic_room_10
D:4:      layout_loops_ring, grunt_dithmenos_smoke, uniq_robin
D:5:      layout_rooms, kennysheep_slug_shrine, nicolae_overflow_crystal_walls,
          tso_altar, gup_sewer_entry_bubbles, minmay_shop_enchanted_jewellery
D:6:      layout_rooms, led_xom_imps, kennysheep_little_box, minitemple,
          serial_shops, nicolae_shop_waterfront, nicolae_shop_crystal,
          item_on_display_a
D:7:      cheibrodos_shockbox, layout_rooms, elyvilon_altar_1,
          minmay_temple_entry_trees, serial_shops, nicolae_lakefront_shop,
          minmay_fractal_squares_gapless_5, uniq_pikel
D:8:      layout_cave_pods, uniq_erica
D:9:      layout_long_grid, mainiacjoe_overflow_small_starburst, fedhas_altar_3,
          orc_0_dummy
D:10:     layout_cave_pools, kiku_gazebo_garden_becter, erik_lair_island
D:11:     layout_gridville
Temple:   dpeg_chambers_temple

Skill      XL: |  1  2  3  4  5  6  7  8  9 10 11 |
---------------+----------------------------------+-----
Shields        | 4 5 6 7 9 |  9.6
Long Blades    | 3 4 5 6 7 |  7.1
Fighting       | 4 5 6 7 8 |  8.7
Armour         | 4 5 6 7 8 |  8.8
Axes           | 4 6 7 |  7.9
Invocations    | 3 4 |  4.4

Action                   |  1- 3 |  4- 6 |  7- 9 | 10-12 || total
-------------------------+-------+-------+-------+-------++-------
Melee: Long sword        |    95 |    74 |    43 |     4 ||   216
       Short sword       |       |   118 |   261 |   167 ||   546
       Hand axe          |       |       |       |    44 ||    44
       Battleaxe         |       |       |       |    41 ||    41
Throw: Dart              |     5 |       |       |       ||     5
       Throwing net      |       |       |       |     1 ||     1
 Abil: Dig               |       |       |     6 |       ||     6
Evoke: Wand              |       |       |       |     6 ||     6
  Use: Scroll            |       |     1 |     3 |     1 ||     5
       Potion            |       |       |     2 |       ||     2
 Stab: Held in net/web   |       |       |       |     1 ||     1
Armor: Scale mail        |    37 |    70 |    55 |       ||   162
       Plate armour      |       |       |    49 |   133 ||   182
Dodge: Dodged            |    51 |    75 |    72 |    66 ||   264
Block: Buckler           |    29 |    90 |   233 |   224 ||   576
       Reflection        |       |     2 |     7 |     5 ||    14

Table legend: (Time is in decaauts)
 A = Elapsed time spent in this place.
 B = Non-inter-level travel time spent in this place.
 C = Inter-level travel time spent in this place.
 D = Time resting spent in this place.
 E = Time spent auto-exploring this place.
 F = Levels seen in this place.
 G = Mean time per level.
                   A        B        C        D        E       F      G
               +--------+--------+--------+--------+--------+-----+--------+
         Total |  11457 |  10885 |    572 |   3266 |   4629 |  14 |  818.4 |
       Dungeon |  10875 |  10313 |    562 |   3164 |   4367 |  11 |  988.6 |
        Temple |    205 |    195 |     10 |      0 |    186 |   1 |  205.0 |
         Abyss |     36 |     36 |      0 |      0 |      0 |   1 |   36.0 |
         Sewer |    339 |    339 |      0 |    102 |     76 |   1 |  339.0 |
               +--------+--------+--------+--------+--------+-----+--------+

Top non-repeatable levels by time:
     D:8: 1850 daAuts
     D:6: 1361 daAuts
    D:10: 1278 daAuts
     D:4: 1176 daAuts
     D:7: 1149 daAuts
     D:1: 986 daAuts
     D:5: 974 daAuts
     D:9: 727 daAuts
     D:2: 661 daAuts
     D:3: 503 daAuts
   Sewer: 339 daAuts
  Temple: 205 daAuts
    D:11: 205 daAuts
 Abyss:1: 36 daAuts
